 Dungeon Crawl Stone Soup version 0.30-a0-918-g0ff054e9dc (webtiles) character file.

Game seed: 1228261256029843856

33 cforsyth the Trooper (level 3, -2/29 HPs)
             Began as a Human Fighter on Mar 20, 2023.
             Slain by an orc
             ... wielding a +0 war axe
              (4 damage)
             ... on level 2 of the Dungeon.
             The game lasted 00:01:54 (1049 turns).

cforsyth the Trooper (Human Fighter)                Turns: 1049, Time: 00:01:55

Health: -2/29      AC: 13    Str: 18    XL:     3   Next: 47%
Magic:  3/3        EV:  9    Int:  8    God:
Gold:   31         SH:  4    Dex: 12    Spells: 2/2 levels left

rFire   . . .      SeeInvis .    a - +0 flail
rCold   . . .      Faith    .    c - +0 buckler
rNeg    . . .      Spirit   .    b - +0 scale mail
rPois   .          Reflect  .    (no helmet)
rElec   .          Rampage  .    g - +1 cloak
rCorr   .                        (no gloves)
Will    .....                    (no boots) Stlth
                                 (no amulet)
HPRegen 0.24/turn                k - +4 ring of protection
MPRegen 0.08/turn                (no ring)

@: about to teleport, flying
A: no striking features
a: no special abilities


You were on level 2 of the Dungeon.
You visited 1 branch of the dungeon, and saw 2 of its levels.

You collected 31 gold pieces.

Inventory:

Hand Weapons
 a - a +0 flail (weapon)
Armour
 b - a +0 scale mail (worn)
 c - a +0 buckler (worn)
 g - a +1 cloak (worn)
Jewellery
 e - a ring of wizardry
 k - a +4 ring of protection (left hand)
Scrolls
 f - 3 scrolls of teleportation
 l - a scroll of fear {unknown}
Potions
 d - a potion of might


   Skills:
 + Level 3.3 Fighting
 + Level 2.4 Maces & Flails
 + Level 3.3 Armour
 + Level 3.3 Shields


You had 2 spell levels left.
You didn't know any spells.
Your spell library contained the following spells:

 Spells                   Type           Power      Damage    Failure   Level
 Blink                    Tloc           0%         N/A       95%         2
 Lesser Beckoning         Tloc           0%         N/A       95%         2
 Momentum Strike          Conj/Tloc      0%         3d8       95%         2


Dungeon Overview and Level Annotations

Branches:
Dungeon (2/15)

Altars:


Message History

You barely miss the orc.
The orc is lightly wounded.
The orc barely misses you. The orc closely misses you.
The orc priest hits you from afar with a +0 trident.
The orc hits you but does no damage. You block the orc's attack.
The orc priest hits you but does no damage.
You hit the orc.
The orc is severely wounded.
The orc hits you but does no damage. x2
The orc priest invokes the aid of Beogh against you.
Beogh smites you!
* * * LOW HITPOINT WARNING * * *
You are too injured to fight recklessly!
You are too injured to fight recklessly!
You are too injured to fight recklessly!
You are too injured to fight recklessly!
You are too injured to fight recklessly!
You are too injured to fight recklessly!
You are too injured to fight recklessly!
The orc attacks as you move away! The orc completely misses you.
The orc attacks as you move away! The orc hits you with a +0 war axe.
* * * LOW HITPOINT WARNING * * *
The orc attacks as you move away! The orc hits you with a +0 war axe.
* * * LOW HITPOINT WARNING * * *
It was a potion of flight.
You feel very buoyant.
You fly up into the air.
The orc closely misses you.
The air fills with toxic fumes!
As you read the scroll labelled DANOAL EDUOT, it crumbles to dust.
It was a scroll of poison.
The orc hits you with a +0 war axe.
* * * LOW HITPOINT WARNING * * *
As you read the scroll labelled YGAESE LOCUE, it crumbles to dust.
It is a scroll of identify.
f - 4 scrolls of teleportation You block the orc's attack.
As you read the scroll of teleportation, it crumbles to dust.
You feel strangely unstable. The orc completely misses you. The orc misses you.
The orc hits you with a +0 war axe.
You die...

.......#oo.........#
.......#$..........#
.......##......o...
######.###...o.o..#
#..#########o#
##.......§o..#
#########o###
######o######§§
#§§§§§§@§§§§§§#
.§§####§######## #§#
#§. ##. . ..


You could see 3 orcs.

Vanquished Creatures
  2 endoplasms (D:1)
  3 giant cockroaches
  2 goblins
  2 hobgoblins (D:1)
  2 quokkas (D:1)
  3 ball pythons (D:1)
  3 bats (D:1)
  11 frilled lizards (D:1)
  2 kobolds
  5 rats
35 creatures vanquished.

Vanquished Creatures (others)
  5 plants (D:1)
5 creatures vanquished.

Grand Total: 40 creatures vanquished

Notes
Turn   | Place    | Note
-------+----------+-------------------------------------------
     0 | D:1      | cforsyth the Human Fighter began the quest for the Orb.
     0 | D:1      | Reached XP level 1. HP: 18/18 MP: 1/1
   150 | D:1      | Reached XP level 2. HP: 12/24 MP: 2/2
   398 | D:1      | Reached XP level 3. HP: 29/29 MP: 3/3
  1045 | D:2      | HP: 1/29 [orc/+0 war axe (1)]
  1049 | D:2      | Slain by an orc

Illustrated notes

Levels and vault maps discovered:
D:1:      dpeg_arrival_renting, layout_basic, minmay_lizard_king
D:2:      cheibrodos_pilgrimage, layout_rooms,
          dreamdust_ecumenical_altar_hidden_monk_grotto, uniq_terence

Action                     || total
---------------------------++-------
  Melee: Flail             ||   106
    Use: Scroll            ||     3
         Potion            ||     1
 Armour: Scale mail        ||    51
  Dodge: Dodged            ||    53
  Block: Buckler           ||    18

Table legend: (Time is in decaauts)
 A = Elapsed time spent in this place.
 B = Non-inter-level travel time spent in this place.
 C = Inter-level travel time spent in this place.
 D = Time resting spent in this place.
 E = Time spent auto-exploring this place.
 F = Levels seen in this place.
 G = Mean time per level.
                   A        B        C        D        E       F      G
               +--------+--------+--------+--------+--------+-----+--------+
         Total |   1083 |   1077 |      6 |      0 |    813 |   2 |  541.5 |
       Dungeon |   1083 |   1077 |      6 |      0 |    813 |   2 |  541.5 |
               +--------+--------+--------+--------+--------+-----+--------+

Top non-repeatable levels by time:
     D:1: 1000 daAuts
     D:2: 82 daAuts
